 Dungeon Crawl Stone Soup version 0.29.1-15-g9cfb28693d (webtiles) character file.

Game seed: 1799800194280577216

150 Heoruswealwe the Conjurer (level 5, -9/28 HPs)
             Began as a Deep Elf Conjurer on Apr 26, 2023.
             Killed by divine providence
             ... invoked by an orc priest
              (13 damage)
             ... on level 3 of the Dungeon.
             The game lasted 00:18:06 (1524 turns).

Heoruswealwe the Conjurer (Deep Elf Conjurer)       Turns: 1524, Time: 00:18:07

Health: -9/28      AC:  6    Str:  4    XL:     5   Next: 10%
Magic:  11/15      EV: 12    Int: 25    God:
Gold:   171        SH:  0    Dex: 13    Spells: 12/15 levels left

rFire   . . .      SeeInvis .   b - +2 dagger (elec)
rCold   . . .      Faith    .   (no shield)
rNeg    . . .      Spirit   .   c - +2 robe {Will+}
rPois   .          Reflect  .   (no helmet)
rElec   .          Harm     .   (no cloak)
rCorr   .          Rampage  .   f - +0 pair of gloves
Will    +....                   e - +0 pair of boots
Stlth   ++........              (no amulet)
HPRegen 0.09/turn               (no ring)
MPRegen 0.14/turn               (no ring)

@: no status effects
A: no striking features
a: no special abilities


You were on level 3 of the Dungeon.
You visited 1 branch of the dungeon, and saw 3 of its levels.

You collected 171 gold pieces.

Inventory:

Hand Weapons
 b - a +2 dagger of electrocution (weapon)
Armour
 c - a +2 robe of willpower (worn)
 e - a +0 pair of boots (worn)
 f - a +0 pair of gloves (worn)
Scrolls
 a - 2 scrolls of identify {unknown}
 h - a scroll of summoning {unknown}
 j - a scroll of brand weapon {unknown}
 k - 2 scrolls of noise {unknown}
Potions
 g - 2 potions of degeneration {unknown}
 i - 3 potions of lignification {unknown}
 l - a potion of might {unknown}


   Skills:
 - Level 2.4 Dodging
 - Level 2.4 Stealth
 + Level 5.5 Spellcasting
 + Level 5.9 Conjurations


You had 12 spell levels left.
You knew the following spells:

 Your Spells              Type           Power      Damage    Failure   Level
a - Magic Dart            Conj           100%       1d8       1%          1
b - Searing Ray           Conj           72%        2d7       1%          2

Your spell library contained the following spells:

 Spells                   Type           Power      Damage    Failure   Level
 Dazzling Flash           Conj/Hex       42%        N/A       7%          3
 Beastly Appendage        Tmut           12%        N/A       8%          1
 Wereblood                Tmut           6%         N/A       12%         2
 Spider Form              Tmut/Pois      6%         N/A       24%         3
 Fulminant Prism          Conj/Hex       10%        3d9       24%         4
 Iskenderun's Mystic Bla  Conj/Tloc      21%        2d6       24%         4


Dungeon Overview and Level Annotations

Branches:
Dungeon (3/15)

Altars:
Dithmenos


Message History

The magic dart hits the quokka!
You kill the quokka!
The magic dart hits the orc but does no damage.
The magic dart hits the orc.
The orc is lightly wounded.
The magic dart hits the orc.
The orc is moderately wounded.
Casting: Magic Dart (safe; 1% risk of failure)
Confirm with . or Enter, or press ? or * to list all spells.
Aiming: Searing Ray (safe; 1% risk of failure)
Press: ? - help, Shift-Dir - straight line, p - orc The searing ray hits the orc!
You kill the orc!
The searing ray hits the orc.
The orc is heavily wounded. (Press . to maintain the ray.)
The orc priest mumbles some strange prayers to Beogh against you.
Beogh smites you!
* * * LOW HITPOINT WARNING * * *
The searing ray hits the orc.
You kill the orc!
The orc priest mumbles some strange prayers to Beogh against you.
You resist with some effort.
Without enough magic to sustain it, your searing ray dissipates.
Magic courses through your body.
Casting: Searing Ray (safe; 1% risk of failure)
Confirm with . or Enter, or press ? or * to list all spells.
Aiming: Searing Ray (safe; 1% risk of failure)
Press: ? - help, Shift-Dir - straight line, f - orc
Aim: an orc, wielding a +0 club (81% to hit)
The searing ray hits the orc priest.
The orc priest is moderately wounded.
The searing ray hits the orc!
You kill the orc! (Press . to maintain the ray.)
The searing ray hits the orc priest.
The orc priest is almost dead.
The orc priest mumbles some strange prayers to Beogh against you.
Beogh smites you!
You die...

......... .......?.
........#+# ....ooo.#.#
######.r#@# .....#..#o#
##########+## ...$.#..#)#
#............ .$_..+..#.#
#............ .$.$.#..#)#
#............
..$..#..#'####............
######.......'....)..†....
...........###............
.#######...# #..........).


You could see an orc priest.

Vanquished Creatures
  An orc priest (D:3)
  Terence (D:3)
  3 adders (D:2)
  A worm (D:2)
  A dart slug (D:1)
  8 orcs
  4 ball pythons
  3 bats
  3 endoplasms
  A giant cockroach (D:1)
  4 goblins
  4 hobgoblins
  8 jackals (D:2)
  3 kobolds (D:1)
  2 quokkas
  2 frilled lizards (D:1)
  3 rats
52 creatures vanquished.

Notes
Turn   | Place    | Note
-------+----------+-------------------------------------------
     0 | D:1      | Heoruswealwe the Deep Elf Conjurer began the quest for the
                  | Orb.
     0 | D:1      | Reached XP level 1. HP: 10/10 MP: 6/6
   232 | D:1      | Reached XP level 2. HP: 15/15 MP: 4/8
   235 | D:1      | Learned a level 2 spell: Searing Ray
   804 | D:2      | Reached skill level 5 in Conjurations
   804 | D:2      | Reached XP level 3. HP: 18/19 MP: 3/10
  1111 | D:2      | Reached XP level 4. HP: 24/24 MP: 5/12
  1304 | D:3      | Reached skill level 5 in Spellcasting
  1380 | D:3      | Noticed Terence
  1473 | D:3      | Killed Terence
  1474 | D:3      | Reached XP level 5. HP: 25/28 MP: 4/14
  1493 | D:3      | Found a shadowy altar of Dithmenos.
  1524 | D:3      | Killed from afar by an orc priest

Illustrated notes

Levels and vault maps discovered:
D:1:      dpeg_arrival_rooms_b, layout_loops_cross
D:2:      layout_basic
D:3:      layout_basic, amcnicky_altar_gilded, basic_ecumenical_altar,
          uniq_ijyb, uniq_terence

Skill      XL: |  1  2  3  4 |
---------------+-------------+-----
Spellcasting   | 4 5 |  5.5
Conjurations   | 5 |  5.9
Dodging        | |  2.4
Stealth        | |  2.4

Action                   |  1- 3 |  4- 6 || total
-------------------------+-------+-------++-------
Melee: Dagger            |     9 |     8 ||    17
 Cast: Magic Dart        |    78 |    32 ||   110
       Searing Ray       |       |     3 ||     3
  Use: Potion            |       |     1 ||     1
Armor: Robe              |     9 |     9 ||    18
Dodge: Dodged            |    23 |    11 ||    34
